 Dungeon Crawl Stone Soup version 0.27-a0-984-g00e00afbbc (console) character file.

Game seed: 11333969100817109356

198 Gather the Chiller (level 5, -4/31 HPs)
             Began as an Octopode Ice Elementalist on Apr 14, 2021.
             Slain by Grinder (5 damage)
             ... on level 4 of the Dungeon on Apr 15, 2021.
             The game lasted 00:20:29 (4753 turns).

Gather the Chiller (Octopode Ice Elementalist)      Turns: 4753, Time: 00:20:29

Health: -4/31      AC:  7    Str: 13    XL:     5   Next: 76%
Magic:  8/8        EV: 13    Int: 17    God:
Gold:   84         SH:  0    Dex: 14    Spells: 1/8 levels left

rFire    . . .     SeeInvis .   h - +9 staff of Wucad Mu {*channel}
rCold    . . .     Faith    .   (no shield)
rNeg     . . .     Spirit   .   (helmet restricted)
rPois    .         Reflect  .   (no amulet)
rElec    .         Harm     .   t - +6 ring of strength
rCorr    .         Rampage  .   (no ring)
Will     .....                  (no ring)
Stlth    +++.......             (no ring)
HPRegen  0.10/turn              (no ring)
MPRegen  0.11/turn              (no ring)
                                (no ring)
                                (no ring)

@: ice-armoured, freezing walls, attractive
A: almost no armour, amphibious, 8 rings, camouflage 1, gelatinous body 1,
(nimble swimmer 1), tentacles
a: no special abilities


You were on level 4 of the Dungeon.
You visited 1 branch of the dungeon, and saw 4 of its levels.

You collected 84 gold pieces.

Inventory:

Hand Weapons
 b - a +0 hunting sling
 c - a +0 dagger
 d - a +0 spear
 g - a +0 short sword of flaming
 h - the +9 staff of Wucad Mu (weapon) {*channel}
   (You acquired it on level 4 of the Dungeon)
 k - a +0 hunting sling
Missiles
 a - 21 boomerangs
 f - 132 stones
 j - 68 bolts
 l - 75 arrows
 m - 17 sling bullets
 y - 4 poisoned darts (quivered)
Magical Staves
 i - a staff of earth
Jewellery
 t - a +6 ring of strength (left tentacle)
Wands
 r - a wand of charming (14)
Scrolls
 o - a scroll of fog
Potions
 e - 2 potions of mutation
 n - a potion of ambrosia {unknown}
 q - a potion of magic
 w - a potion of heal wounds {unknown}


   Skills:
 - Level 2.5 Dodging
 - Level 3.6 Stealth
 - Level 2.0 Spellcasting
 - Level 6.1 Ice Magic
 + Level 1.3 Evocations


You had one spell level left.
You knew the following spells:

 Your Spells              Type           Power      Damage    Failure   Level
a - Freeze                Ice            88%        1d10      1%          1
i - Ozocubu's Armour      Ice            22%        N/A       4%          3
x - Frozen Ramparts       Ice            44%        1d6       4%          3

Your spell library contained the following spells:

 Spells                   Type           Power      Damage    Failure   Level
 Hailstorm                Conj/Ice       12%        3d5       47%         4
 Metabolic Englaciation   Hex/Ice        6%         N/A       83%         5


Dungeon Overview and Level Annotations

Branches:
Dungeon (4/15)
 Temple: D:4-7

Altars:

Shops:
D:2 (=(

Annotations:
D:4 Grinder


Innate Abilities, Weirdness & Mutations

You cannot wear most types of armour.
You are amphibious.
You can wear up to eight rings at the same time.
Your skin changes colour to match your surroundings (Stealth+).
Your rubbery body absorbs attacks. (AC +1, EV +1)
((You are camouflaged near water. (Stealth+)))
You have tentacles for arms and can constrict up to eight enemies at once.


Message History

Casting: Frozen Ramparts (dangerous; 4% risk of failure)
Confirm with . or Enter, or press ? or * to list all spells.
You miscast Ozocubu's Armour.
You are very lightly contaminated with residual magic.
Nothing appears to happen.
Casting: Ozocubu's Armour (dangerous; 4% risk of failure)
Confirm with . or Enter, or press ? or * to list all spells.
A film of ice covers your body!
Throw: 5 darts (poison)
Press: ? - help, Q - select action, (/) - cycle Shift-Dir - straight line, f - Grinder
Aim: Grinder (53% to hit)
You throw a poisoned dart.
The poisoned dart closely misses Grinder.
Grinder gestures at you. Pain shoots through your body!
You barely miss Grinder. Your grab misses Grinder. Your squeeze misses Grinder.
Grinder barely misses you.
You sock Grinder! You grab Grinder. You squeeze Grinder.
Grinder is moderately wounded.
You constrict Grinder. Grinder closely misses you.
Casting: Ozocubu's Armour (dangerous; 4% risk of failure)
Confirm with . or Enter, or press ? or * to list all spells.
Casting: Frozen Ramparts (dangerous; 4% risk of failure)
Press: ? - help, Dir - look around, f - activate The walls around you are covered in ice.
You constrict Grinder.
Grinder completely resists.
The wall freezes Grinder but does no damage.
Grinder hits you!
You writhe in agony.
* * * LOW HITPOINT WARNING * * *
It was a potion of magic.
Magic courses through your body.
You constrict Grinder.
Grinder completely resists.
The wall freezes Grinder but does no damage.
Grinder barely misses you.
Your magical contamination has completely faded away.
It was a potion of attraction.
You feel attractive to monsters.
You constrict Grinder.
Grinder completely resists.
The wall freezes Grinder but does no damage.
Grinder hits you.
* * * LOW HITPOINT WARNING * * *
You writhe in agony.
You die...

######### ########## #........
.........# #.#######
o........################.#######
.........'5....(รท...)...........>
o........#######5########.####...
o........# #@# #.# #.## .....(...#
#.# #.# #.## .........# #)# #.#
#.## ########## ###)#### #.# #.##
#......# #.# #.## #......# #.#
#.## #......# #.# #.## #......#
#... #......# #### #......# #.
#......# #.


You could see Grinder.

Vanquished Creatures
  Terence (D:3)
  Natasha (twice) (D:3)
  2 adders
  A gnoll (D:4)
  An adder skeleton (D:4)
  2 dart slugs (D:2)
  7 orcs
  7 endoplasms
  2 giant cockroaches
  7 goblins
  11 hobgoblins
  5 quokkas
  6 ball pythons
  5 bats
  6 frilled lizards
  7 kobolds
  5 rats
77 creatures vanquished.

Vanquished Creatures (others)
  17 plants (D:2)
17 creatures vanquished.

Grand Total: 94 creatures vanquished

Notes
Turn   | Place    | Note
-------+----------+-------------------------------------------
     0 | D:1      | Gather the Octopode Ice Elementalist began the quest for
                  | the Orb.
     0 | D:1      | Reached XP level 1. HP: 11/11 MP: 3/3
    70 | D:1      | Found a faded altar of an unknown god.
   247 | D:1      | Reached XP level 2. HP: 12/17 MP: 1/5
   602 | D:1      | Reached XP level 3. HP: 21/21 MP: 1/6
   606 | D:1      | Learned a level 3 spell: Frozen Ramparts
   792 | D:1      | Reached skill level 5 in Ice Magic
  1522 | D:2      | Found Haoton's Jewellery Shop.
  1738 | D:2      | Found Anisy's Weapon Shop.
  1765 | D:2      | Reached XP level 4. HP: 27/27 MP: 7/7
  1773 | D:2      | Learned a level 3 spell: Ozocubu's Armour
  2048 | D:2      | Found Seockep's Weapon Shoppe.
  2372 | D:3      | Noticed Terence
  2557 | D:3      | Killed Terence
  2558 | D:3      | Reached skill level 6 in Ice Magic
  2758 | D:3      | Reached XP level 5. HP: 29/31 MP: 6/8
  2908 | D:3      | Noticed Natasha
  3359 | D:3      | Killed Natasha
  3709 | D:3      | Noticed Natasha
  3715 | D:3      | Killed Natasha
  3821 | D:3      | Upgraded the game from 0.27-a0-972-gd1521fd518 to
                  | 0.27-a0-984-g00e00afbbc
  3911 | D:4      | Identified a scroll of acquirement
  3911 | D:4      | Acquired the +9 staff of Wucad Mu {*channel}
  3912 | D:4      | Found the +9 staff of Wucad Mu {*channel}
  4487 | D:4      | Reached skill level 1 in Evocations
  4611 | D:4      | Noticed Grinder
  4753 | D:4      | HP: 1/31 [Grinder (3)]
  4753 | D:4      | Slain by Grinder

Illustrated notes

Levels and vault maps discovered:
D:1:      ncdulo_wetmaze, layout_rooms, chequers_ecumenical_altar_simple,
          serial_bayou_lagoon_b
D:2:      layout_loops_cross, serial_shops, nicolae_shop_waterfront, shop,
          shop_fountains, serial_bayou, serial_bayou_shore_b,
          serial_bayou_ford_a, serial_bayou_lagoon_a, serial_bayou_lake_a
D:3:      layout_loops_ring, minmay_misc_feat_nine_boxes, uniq_terence,
          uniq_natasha
D:4:      layout_basic, lemuel_crystal_altar,
          chequers_temple_overflow_statue_of_worship, minmay_misc_feat_roman,
          st_stairs_14, minmay_misc_feat_five, uniq_grinder

Skill      XL: |  1  2  3  4  5 |
---------------+----------------+-----
Ice Magic      | 5 6 |  6.1
Stealth        | 3 |  3.6
Evocations     | 1 |  1.3
Dodging        | |  2.5
Spellcasting   | |  2.0

Action                   |  1- 3 |  4- 6 || total
-------------------------+-------+-------++-------
Melee: Dagger            |    21 |    10 ||    31
       Constrict         |     4 |     8 ||    12
       Unarmed           |     1 |       ||     1
       Tentacles         |     3 |     6 ||     9
       Short sword       |       |     9 ||     9
       Staff             |       |     9 ||     9
Throw: Dart              |       |     2 ||     2
       Stone             |       |     1 ||     1
 Cast: Freeze            |    36 |    18 ||    54
       Frozen Ramparts   |     2 |    11 ||    13
       Ozocubu's Armour  |       |     8 ||     8
  Use: Scroll            |       |     7 ||     7
       Potion            |       |     2 ||     2
 Stab: Sleeping          |    13 |     7 ||    20
Armor: Skin              |     3 |     2 ||     5
Dodge: Dodged            |    30 |    30 ||    60

Table legend: (Time is in decaauts)
 A = Elapsed time spent in this place.
 B = Non-inter-level travel time spent in this place.
 C = Inter-level travel time spent in this place.
 D = Time resting spent in this place.
 E = Time spent auto-exploring this place.
 F = Levels seen in this place.
 G = Mean time per level.
                   A        B        C        D        E       F      G
               +--------+--------+--------+--------+--------+-----+--------+
         Total |   4758 |   4493 |    265 |    917 |   2602 |   4 | 1189.5 |
       Dungeon |   4758 |   4493 |    265 |    917 |   2602 |   4 | 1189.5 |
               +--------+--------+--------+--------+--------+-----+--------+

Top non-repeatable levels by time:
     D:3: 1923 daAuts
     D:1: 1223 daAuts
     D:2: 996 daAuts
     D:4: 614 daAuts
